 Dungeon Crawl Stone Soup version 0.19-a0-724-g04d1648 (webtiles) character file.

20510 Justinthyme the Infuser (level 12, -2/70 HPs)
             Began as a Deep Elf Conjurer on June 21, 2016.
             Was an Elder of Vehumet.
             Slain by an entropy weaver
             ... wielding a +0 rapier
              (12 damage)
             ... on level 4 of the Lair of Beasts.
             The game lasted 01:43:20 (15598 turns).

Justinthyme the Infuser (Deep Elf Conjurer)        Turns: 15598, Time: 01:43:50

Health: -2/70      AC:  4    Str:  4    XL:     12   Next: 46%
Magic:  8/25       EV: 17    Int: 35    God:    Vehumet [****..]
Gold:   663        SH:  0    Dex: 15    Spells: 6 memorised, 5 levels left

rFire  . . .     SeeInvis .     j - +1 mace (holy)
rCold  . . .     Gourm    .     a - +1 troll leather armour "Wiroo" {+Inv Regen+ Str-2 Int+5}
rNeg   . . .     Faith    .     (no shield)
rPois  .         Spirit   .     (no helmet)
rElec  .         Dismiss  .     Z - +0 cloak
rCorr  .         Reflect  .     i - +0 pair of gloves
SustAt .         Harm     .     (no boots)
MR     +....                    U - amulet of inaccuracy (curse)
Stlth  ++........               m - +5 ring of protection
                                q - +5 ring of intelligence

@: corroded, hasted, very quick, somewhat resistant to hostile enchantments,
unstealthy
A: no striking features
a: Renounce Religion, Evoke Invisibility


You were on level 4 of the Lair of Beasts.
You worshipped Vehumet.
Vehumet was greatly pleased with you.
You were not hungry.

You visited 3 branches of the dungeon, and saw 14 of its levels.
You also visited: Labyrinth.

You collected 663 gold pieces.

Inventory:

Hand Weapons
 j - a +1 mace of holy wrath (weapon)
 s - a +0 spear
 N - a +0 quarterstaff of freezing
Armour
 a - the +1 troll leather armour "Wiroo" (worn) {+Inv Regen+ Str-2 Int+5}
   (You found it in a labyrinth)

   It affects your strength (-2).
   It affects your intelligence (+5).
   It lets you turn invisible.
   It increases your rate of regeneration.
 i - a +0 pair of gloves (worn)
 v - the +1 robe of the Fifty Runes {rElec SInv}
   (You found it on level 5 of the Dungeon)

   It insulates you from electricity.
   It lets you see invisible.
 J - a troll hide
 M - a +2 robe of cold resistance
 Q - the +2 scale mail of the Cockroach {Int+4 Stlth+}
   (You took it off a minotaur in a labyrinth)

   It affects your intelligence (+4).
   It makes you more stealthy.
 Z - a +0 cloak (worn)
Jewellery
 m - a +5 ring of protection (right hand)
 q - a +5 ring of intelligence (left hand)
 L - an uncursed ring of protection from fire
 U - a cursed amulet of inaccuracy (around neck)
Wands
 g - a wand of lightning (8/15)
 w - a wand of lightning (2/15)
 y - a wand of enslavement (9/24)
 E - a wand of paralysis (7/24)
Scrolls
 d - 2 scrolls of remove curse
 e - a scroll of teleportation
 k - a scroll of noise
 x - 2 scrolls of identify
 I - 3 scrolls of fog
Potions
 l - 3 potions of resistance
 n - 4 potions of curing
 o - 4 potions of haste
 t - 3 potions of berserk rage
 u - a potion of brilliance
 H - a potion of magic
Comestibles
 b - 3 fruits
 c - 8 bread rations
 f - 4 chunks of flesh
 h - a meat ration
 p - a royal jelly


   Skills:
 + Level 6.2 Fighting
 - Level 3.2 Armour
 + Level 9.8 Dodging
 - Level 2.4 Stealth
 + Level 7.4 Spellcasting
 * Level 12.2 Conjurations
 - Level 9.6 Hexes
 * Level 13.6 Charms
 + Level 2.5 Fire Magic


You had 5 spell levels left.
You knew the following spells:

 Your Spells              Type           Power        Failure   Level  Hunger
a - Magic Dart            Conj           ####         1%          1    None
b - Searing Ray           Conj           ######       1%          2    None
c - Iskenderun's Battles  Conj/Chrm      #######.     1%          5    ####...
d - Iskenderun's Mystic   Conj           #######.     1%          4    None
e - Tukima's Dance        Hex            ######..     1%          3    None
f - Fireball              Conj/Fire      ######....   2%          5    ####...


Dungeon Overview and Level Annotations

Branches:
Dungeon (9/15)             Temple (1/1) D:7            Lair (4/6) D:9
 Shoals (0/4) Lair:2       Spider (0/4) Lair:3          Orc (0/2) D:9

Altars:
Ashenzari
Dithmenos
Elyvilon
Fedhas
Gozag
Hepliaklqana
Kikubaaqudgha
Makhleb
Pakellas
Qazlal
Ru
Trog
Uskayaw
Vehumet
Xom
Yredelemnul
Zin
The Shining One

Shops:
D:5 %


Message History

The entropy weaver is moderately wounded.
Your battlesphere fires!
The barrage of energy hits the entropy weaver.
The entropy weaver is heavily wounded.
The entropy weaver hits you with a rapier! x2
The entropy weaver hits you but does no damage.
The entropy weaver completely misses you.
Okay, then.
Evoke which item? (* to show all) (? for menu, Esc to quit)
Zapping:
y - a wand of enslavement {zapped: 2} (will waste charges)
Press: ? - help, Shift-Dir - straight line, f/p - entropy weaver
Aim: an entropy weaver, wielding a rapier and wearing a robe (heavily wounded, chance to defeat MR: 15%)
Okay, then.
You feel yourself speed up.
The entropy weaver hits you with a rapier.
The entropy weaver hits you with a rapier!
* * * LOW HITPOINT WARNING * * *
The entropy weaver barely misses you.
The entropy weaver hits you with a rapier!
You die...

...#....###...##......P##.
P......##...†..P......##.
........#....P.......##..
#..PPP#.............#P.
#.......*..##......###.
#.##......#.†####.....# ##
........P#....# #.....#
........###*.##.......#
.........@a............
###...P####.#####. ##.##
## ##


You could see an entropy weaver and a friendly battlesphere.

Vanquished Creatures
  A minotaur (Lab)
  Harold (Lair:1)
  Fannar (Lair:2)
  The ghost of TheGoonsmith the Destroyer, a journeyman DECj of Vehumet (Lair:2)
  Erica (Lair:2)
  Nergalle (Lair:1)
  Sonja (Lair:2)
  Pikel (D:4)
  A black mamba (Lair:2)
  6 spiny frogs
  3 komodo dragons
  A troll (D:9)
  2 jumping spiders
  A two-headed ogre (D:6)
  14 blink frogs
  A wyvern (D:9)
  6 yaks (Lair:1)
  A human (D:8)
  5 hippogriffs
  A basilisk (Lair:1)
  Menkaure (D:7)
  A soldier ant (Lair:4)
  6 porcupines
  5 water moccasins
  An ice beast (D:9)
  A black bear (D:8)
  3 orc warriors
  A slave (D:5)
  2 sky beasts
  2 phantoms
  2 ogres
  A necrophage (D:6)
  2 wolves (D:9)
  6 crocodiles
  The ghost of TheGoonsmith the Firebug, an amateur OpFE of Vehumet (D:3)
  10 big kobolds (D:9)
  12 giant frogs
  2 wyvern zombies
  6 scorpions
  5 killer bees
  3 howler monkeys (D:7)
  5 electric eels
  A crimson imp (D:9)
  2 giant frog zombies
  A quasit (D:8)
  2 centaur zombies (D:7)
  5 hounds
  2 jellies
  A gnoll shaman (D:6)
  6 orc priests
  A centaur skeleton (D:5)
  6 orc wizards
  A giant frog skeleton (D:5)
  6 iguanas
  Jessica (D:3)
  Terence (D:2)
  Natasha (thrice) (D:2)
  A worker ant (D:9)
  4 sheep (Lair:4)
  3 hound skeletons
  7 gnolls
  A howler monkey skeleton (D:6)
  A worker ant zombie (D:6)
  8 adders
  10 river rats (Lair:1)
  3 shadow imps
  2 oozes
  An adder zombie (D:5)
  2 worms
  4 dart slugs
  7 giant geckos
  25 orcs
  2 giant cockroaches
  9 goblins
  10 hobgoblins
  7 jackals
  7 quokkas
  2 ball pythons
  4 bats
  2 giant gecko skeletons
  2 giant newts (D:1)
  A jackal zombie (D:5)
  20 kobolds
  6 rats
318 creatures vanquished.

Vanquished Creatures (collateral kills)
  A porcupine (Lair:1)
  A crocodile (Lair:4)
  A sheep (Lair:4)
3 creatures vanquished.

Vanquished Creatures (others)
  A wolf (D:9)
  A fungus (Lair:4)
  2 plants
4 creatures vanquished.

Grand Total: 325 creatures vanquished

Notes
Turn   | Place    | Note
--------------------------------------------------------------
     0 | D:1      | Justinthyme the Deep Elf Conjurer began the quest for the Orb.
     0 | D:1      | Reached XP level 1. HP: 10/10 MP: 6/6
   150 | D:1      | Reached XP level 2. HP: 15/15 MP: 3/8
   154 | D:1      | Learned a level 2 spell: Searing Ray
   664 | D:1      | Reached XP level 3. HP: 19/19 MP: 3/10
  1007 | D:2      | Reached skill level 5 in Conjurations
  1159 | D:2      | Noticed Natasha
  1164 | D:2      | Killed Natasha
  1164 | D:2      | Reached skill level 1 in Fighting
  1164 | D:2      | Reached skill level 1 in Armour
  1164 | D:2      | Reached XP level 4. HP: 25/25 MP: 6/12
  1386 | D:2      | Found a faded altar of an unknown god.
  1495 | D:2      | Noticed Terence
  1499 | D:2      | Killed Terence
  1742 | D:2      | Noticed Natasha
  1747 | D:2      | Killed Natasha
  1747 | D:2      | Reached XP level 5. HP: 24/29 MP: 6/13
  2048 | D:2      | Noticed Natasha
  2051 | D:2      | Killed Natasha
  2105 | D:3      | Noticed TheGoonsmith's ghost (amateur OpFE)
  2133 | D:3      | Killed TheGoonsmith's ghost
  2140 | D:3      | Learned a level 5 spell: Iskenderun's Battlesphere
  2193 | D:3      | Learned a level 4 spell: Iskenderun's Mystic Blast
  2306 | D:3      | Reached skill level 1 in Charms
  2367 | D:3      | Noticed Jessica
  2370 | D:3      | Killed Jessica
  2370 | D:3      | Reached XP level 6. HP: 35/35 MP: 8/14
  2871 | D:3      | Reached skill level 2 in Charms
  3229 | D:4      | Reached skill level 3 in Charms
  3377 | D:4      | Reached XP level 7. HP: 33/40 MP: 7/15
  3818 | D:4      | Noticed Pikel
  3843 | D:5      | Entered Level 5 of the Dungeon
  3949 | D:5      | Found an oddly glowing altar of Pakellas.
  3981 | D:5      | Reached skill level 4 in Charms
  4339 | D:5      | Reached skill level 5 in Charms
  4455 | D:5      | Got a wizard robe
  4466 | D:5      | Identified the +1 robe of the Fifty Runes {rElec SInv} (You found it on level 5 of the Dungeon)
  4636 | D:5      | Reached XP level 8. HP: 45/45 MP: 10/16
  4641 | D:5      | Learned a level 3 spell: Tukima's Dance
  4681 | D:5      | Found Xaderchu's Food Boutique.
  5092 | D:6      | Reached skill level 5 in Spellcasting
  5238 | D:6      | Reached skill level 1 in Hexes
  5238 | D:6      | Reached skill level 6 in Charms
  5483 | D:6      | Noticed a two-headed ogre
  5489 | D:6      | Killed a two-headed ogre
  5717 | D:6      | Reached skill level 7 in Charms
  6303 | D:7      | Reached XP level 9. HP: 48/51 MP: 2/18
  6562 | D:7      | Noticed Menkaure
  6566 | D:7      | Killed Menkaure
  6566 | D:7      | Reached skill level 5 in Dodging
  7034 | D:7      | Found a staircase to the Ecumenical Temple.
  7042 | Temple   | Entered the Ecumenical Temple
  7137 | Temple   | Became a worshipper of Vehumet
  7219 | D:7      | Reached skill level 8 in Charms
  7604 | D:4      | Killed Pikel
  7651 | D:4      | Upgraded the game from 0.19-a0-722-g27ac516 to 0.19-a0-724-g04d1648
  7856 | D:8      | Reached skill level 9 in Charms
  8086 | D:8      | Found an ancient bone altar of Kikubaaqudgha.
  8224 | D:8      | Found a glowing golden altar of the Shining One.
  8687 | D:9      | Reached XP level 10. HP: 47/57 MP: 9/19
  8693 | D:9      | Reached * piety under Vehumet
  8693 | D:9      | Offered knowledge of Shock by Vehumet.
  8972 | D:8      | Reached skill level 5 in Hexes
  9509 | D:9      | Reached skill level 10 in Conjurations
  9836 | D:9      | Offered knowledge of Sandblast by Vehumet.
  9855 | D:9      | Found a staircase to the Orcish Mines.
  9889 | D:9      | Reached ** piety under Vehumet
  9892 | D:9      | Reached skill level 10 in Charms
 10217 | D:9      | Found a staircase to the Lair.
 10664 | D:9      | Reached skill level 5 in Fighting
 10825 | Lair:1   | Entered Level 1 of the Lair of Beasts
 10825 | Lair:1   | Noticed a spiny frog
 10830 | Lair:1   | Killed a spiny frog
 10833 | Lair:1   | Noticed Harold
 10944 | Lair:1   | Killed Harold
 11148 | Lair:1   | Noticed a spiny frog
 11151 | Lair:1   | Killed a spiny frog
 11151 | Lair:1   | Reached skill level 11 in Charms
 11151 | Lair:1   | Reached XP level 11. HP: 63/63 MP: 10/20
 11531 | Lair:1   | Noticed Nergalle
 11808 | Lair:1   | Found a basalt altar of Yredelemnul.
 11890 | Lair:1   | Offered knowledge of Stone Arrow by Vehumet.
 11959 | Lair:1   | Noticed an eight-headed hydra
 12052 | Lair:2   | Found a staircase to the Shoals.
 12223 | Lair:2   | Found a labyrinth entrance.
 12223 | Lair:2   | Noticed Fannar
 12236 | Lair:2   | Killed Fannar
 12251 | Lab      | Entered a labyrinth
 12640 | Lab      | Noticed a minotaur
 12648 | Lab      | Killed a minotaur
 12653 | Lab      | Got a brightly glowing scale mail
 12664 | Lab      | Got a translucent troll leather armour
 12678 | Lair:2   | Identified the +2 scale mail of the Cockroach {Int+4 Stlth+} (You took it off a minotaur in a labyrinth)
 12688 | Lair:2   | Identified the +1 troll leather armour "Wiroo" {+Inv Regen+ Str-2 Int+5} (You found it in a labyrinth)
 12758 | Lair:2   | Noticed Erica
 12767 | Lair:2   | Killed Erica
 12767 | Lair:2   | Reached skill level 12 in Charms
 12839 | Lair:1   | Killed Nergalle
 12989 | Lair:1   | Reached *** piety under Vehumet
 13264 | Lair:1   | Learned a level 5 spell: Fireball
 13949 | Lair:2   | Noticed Sonja
 13953 | Lair:2   | Killed Sonja
 14028 | Lair:2   | Noticed TheGoonsmith's ghost (journeyman DECj)
 14035 | Lair:2   | Killed TheGoonsmith's ghost
 14035 | Lair:2   | Reached XP level 12. HP: 66/69 MP: 10/23
 14415 | Lair:3   | Found a hole to the Spider Nest.
 14619 | Lair:3   | Reached skill level 13 in Charms
 14622 | Lair:3   | Reached skill level 1 in Fire Magic
 14623 | Lair:3   | Offered knowledge of Static Discharge by Vehumet.
 15487 | Lair:4   | Reached **** piety under Vehumet
 15592 | Lair:4   | Noticed an entropy weaver
 15598 | Lair:4   | Slain by an entropy weaver

Vault maps used:
D:1:      minmay_arrival_shattered_statue, serial_corexii_hall,
          corexii_hall_statues_i, corexii_hall_statues_x,
          corexii_hall_statues_i, corexii_hall_statues_t
D:2:      ecumenical_altar_2, uniq_natasha, uniq_terence
D:3:      uniq_jessica
D:4:      uniq_pikel
D:5:      serial_shops, nicolae_shop_statue_plus, first_bread,
          grunt_pakellas_basics
D:6:      hangedman_glass_garden, grunt_ministairs_7
D:7:      uniq_menkaure
D:8:      overflow_temple_1_default, grunt_pizzeria,
          nicolae_tso_swordbearing_angel
D:9:      erik_lair_island, david_orc_2
Temple:   minmay_crystal_snake_temple
Lair:1:   basic_altar, infiniplex_staircase_pool_2, uniq_harold, uniq_nergalle
Lair:2:   shoals_dummy_entry, lab_entry_generic, uniq_erica, uniq_fannar,
          uniq_sonja
Lair:3:   spider_nest_entry_a, nicolae_lair_grove_arrangements,
          serial_bayou_lake_a
Lair:4:   zaba_antful_of_joy, serial_bayou_shore_a, grunt_megastairs_5
Lab:      labyrinth_watery, nicolae_lab_plus, nicolae_lab_diamond

Skill      XL: |  1  2  3  4  5  6  7  8  9 10 11 12 |
---------------+-------------------------------------+-----
Spellcasting   | 4 5 6 7 |  7.4
Conjurations   | 5 6 7 8 9 10 11 12 | 12.2
Fighting       | 1 2 3 4 5 6 |  6.2
Armour         | 1 2 3 |  3.2
Charms         | 1 3 5 7 9 11 12 13 | 13.6
Dodging        | 4 6 8 9 |  9.8
Hexes          | 2 4 7 9 |  9.6
Fire Magic     | 2 |  2.5
Stealth        | |  2.4

Action                   |  1- 3 |  4- 6 |  7- 9 | 10-12 || total
-------------------------+-------+-------+-------+-------++-------
Melee: Unarmed           |     4 |       |       |       ||     4
       Club              |     3 |       |       |       ||     3
       Spear             |       |       |    24 |       ||    24
       Mace              |       |       |    60 |    30 ||    90
 Cast: Magic Dart        |    69 |    91 |   183 |   366 ||   709
       Searing Ray       |     2 |     9 |    35 |    40 ||    86
       Iskenderun's Batt |       |       |     7 |    51 ||    58
       Tukima's Dance    |       |       |     1 |       ||     1
       Fireball          |       |       |       |     1 ||     1
Evoke: Wand              |       |       |       |     3 ||     3
  Use: Scroll            |       |       |    12 |    16 ||    28
       Potion            |       |       |     1 |     5 ||     6
 Stab: Fleeing           |       |       |     1 |       ||     1
       Sleeping          |       |       |     1 |       ||     1
  Eat: Chunk             |     1 |     6 |    11 |    24 ||    42
       Beef jerky        |       |       |     1 |     2 ||     3
       Bread ration      |       |       |     1 |     1 ||     2
       Fruit             |       |       |     1 |       ||     1
       Pizza             |       |       |       |     1 ||     1
Armor: Robe              |     2 |     2 |    53 |    38 ||    95
       Troll leather arm |       |       |       |    26 ||    26
Dodge: Dodged            |     8 |     7 |   109 |   175 ||   299
